 Dungeon Crawl Stone Soup version 0.17.0-9-g801d43b (webtiles) character file.

384960 dorian the Impregnable (level 24, -44/188 HPs)
             Began as a Formicid Abyssal Knight on Nov 9, 2015.
             Was the Champion of Lugonu.
             Annihilated by a juggernaut (89 damage)
             ... on level 2 of the Depths.
             The game lasted 02:18:29 (48977 turns).

dorian the Impregnable (Formicid Abyssal Knight)   Turns: 48977, Time: 02:18:30

Health: -44/188    AC: 41    Str: 37    XL:     24   Next: 5%
Magic:  31/31      EV: 11    Int: 13    God:    Lugonu [******]
Gold:   3507       SH: 16    Dex:  6    Spells: 0 memorised, 23 levels left

rFire  + . .     SeeInvis +     j - +7 battleaxe (flame)
rCold  + . .     Clarity  +     o - +2 crystal plate armour
rNeg   . . .     SustAt   .     m - +1 shield {rC+ rF+}
rPois  +         Gourm    .     (helmet unavailable)
rElec  .         Spirit   .     T - +2 cloak {MR+}
rCorr  .         Warding  .     R - +2 pair of gloves
rMut   .         Stasis   +     a - +1 pair of boots {run}
MR     ++++.                    Y - amulet of clarity
Stlth  ..........               Z - +3 ring of slaying
                                w - ring "Waekeon" {rPois MR+ Str+4 Dex-4 SInv}

@: mighty, quick, incredibly resistant to hostile enchantments, extremely
unstealthy
A: permanent stasis, dig shafts and tunnels, four strong arms, antennae 3,
mutation resistance 1
a: Dig, Shaft Self, Depart the Abyss, Bend Space, Banish, Corrupt, Enter the
Abyss, Brand Weapon With Distortion, Renounce Religion
}: 2/15 runes: decaying, serpentine


You were on level 2 of the Depths.
You worshipped Lugonu.
Lugonu was exalted by your worship.
You were not hungry.

You visited 7 branches of the dungeon, and saw 42 of its levels.
You visited the Abyss 1 time.
You also visited: Volcano.

You collected 5058 gold pieces.
You spent 1551 gold pieces at shops.

Inventory:

Hand Weapons
 j - a +7 battleaxe of flaming (weapon)
 t - the +7 morningstar of Oenomania {crush, rPois rC+ Str+4 Dex+2}
   (You acquired it on level 3 of the Orcish Mines)

   It inflicts extra damage upon your enemies.
   It affects your strength (+4).
   It affects your dexterity (+2).
   It protects you from cold.
   It protects you from poison.
Missiles
 y - 11 javelins (quivered)
Armour
 a - a +1 pair of boots of running (worn)
 m - a +1 shield of resistance (worn)
 o - a +2 crystal plate armour (worn)
 u - a +0 large shield
 A - the +3 faerie dragon armour {rPois Slay+3, unknown}
   (You took it off the Enchantress on level 2 of the Depths)

   It affects your accuracy and damage with ranged weapons and melee attacks
   (+3).
   It protects you from poison.
 R - a +2 pair of gloves (worn)
 T - a +2 cloak of magic resistance (worn)
Rods
 X - a +4 rod of ignition (9/9)
   (You took it off a yaktaur captain on level 2 of the Depths)
Jewellery
 f - an uncursed amulet of regeneration
 w - the ring "Waekeon" (left hand) {rPois MR+ Str+4 Dex-4 SInv}
   (You found it on level 2 of the Vaults)

   [ring of protection from magic]

   It affects your strength (+4).
   It affects your dexterity (-4).
   It protects you from poison.
   It affects your resistance to hostile enchantments.
   It lets you see invisible.
 D - an uncursed ring of positive energy
 Y - an amulet of clarity (around neck)
 Z - a +3 ring of slaying (right hand)
Wands
 h - a wand of fire (7)
 z - a wand of cold (8)
 G - a wand of draining (15)
 I - a wand of teleportation (3)
 K - a wand of slowing (27)
 L - a wand of paralysis (10)
 P - a wand of cold (8)
 V - a wand of flame (29)
Scrolls
 d - 4 scrolls of magic mapping
 e - 15 scrolls of identify
 n - 10 scrolls of fear
 p - 17 scrolls of remove curse
 r - 2 scrolls of fog
 v - 2 scrolls of silence
 C - a scroll of summoning
 J - 3 scrolls of enchant armour
 M - 2 scrolls of enchant weapon
 N - 2 scrolls of immolation
 S - a scroll of recharging
Potions
 g - 2 potions of might
 i - 3 potions of invisibility
 k - 2 potions of beneficial mutation
 l - 4 potions of magic
 s - 4 potions of flight
 B - 3 potions of agility
 E - 17 potions of curing
 H - 3 potions of brilliance
 O - a potion of heal wounds
Books
 x - a Fen Folio

   Spells                             Type                      Level
   a - Corpse Rot                     Necromancy                   2
   b - Stone Arrow                    Conjuration/Earth            3
   c - Leda's Liquefaction            Hexes/Earth                  4
   d - Summon Forest                  Summoning/Translocation      5
   e - Hydra Form                     Transmutation                6
   f - Summon Hydra                   Summoning                    7
 Q - a book of Necromancy

   Spells                             Type                      Level
   a - Pain                           Necromancy                   1
   b - Animate Skeleton               Necromancy                   1
   c - Vampiric Draining              Necromancy                   3
   d - Regeneration                   Charms/Necromancy            3
   e - Animate Dead                   Necromancy                   4
   f - Control Undead                 Necromancy                   4
 U - a book of the Warp

   Spells                             Type                      Level
   a - Recall                         Summoning/Translocation      3
   b - Gell's Gravitas                Hexes/Translocation          3
   c - Force Lance                    Conjuration/Translocation    4
   d - Phase Shift                    Translocation                5
   e - Warp Weapon                    Charms/Translocation         5
   f - Summon Forest                  Summoning/Translocation      5
 W - a book of Dreams

   Spells                             Type                      Level
   a - Ensorcelled Hibernation        Hexes/Ice                    2
   b - Phase Shift                    Translocation                5
   c - Shadow Creatures               Summoning                    5
   d - Silence                        Hexes/Air                    5
   e - Darkness                       Hexes                        6
   f - Mass Confusion                 Hexes                        6
Miscellaneous
 F - a legendary deck of summoning {the Pentagram}
Comestibles
 b - 2 chunks of flesh
 c - 14 bread rations
 q - a meat ration


   Skills:
 + Level 15.1 Fighting
 - Level 21.0(21.2) Axes
 - Level 7.0(15.5) Maces & Flails
 + Level 22.3 Armour
 + Level 12.8 Dodging
 + Level 15.7 Shields
 + Level 11.5 Invocations


You had 23 spell levels left.
You didn't know any spells.

Dungeon Overview and Level Annotations

Branches:
Dungeon (15/15)            Temple (0/1) D:7            Lair (8/8) D:9
  Swamp (4/4) Lair:6        Snake (4/4) Lair:4        Slime (0/6) Lair:7
    Orc (4/4) D:9             Elf (0/3) Orc:4        Vaults (5/5) D:13
  Crypt (0/3) Vaults:3     Depths (2/5) D:15

Altars:
Ashenzari
Cheibriados
Elyvilon
Fedhas
Gozag
Makhleb
Nemelex Xobeh
Okawaru
Qazlal
Ru
Sif Muna
Vehumet
Xom
Yredelemnul
The Shining One
Beogh
Jiyva

Shops:
D:8 }   D:13 (   D:15 %   Orc:1 !   Orc:2 *   Orc:4 =((=   Snake:1 *
Vaults:2 (

Portals:
Hell: Lair:8 Depths:1 Depths:2
Abyss: Depths:2

Annotations:
D:4 hadoken's ghost, amateur OpVM
D:14 exclusions: obsidian statue and orange crystal statue


Innate Abilities, Weirdness & Mutations

You are under a permanent stasis effect.
You can dig through walls and to a lower floor.
Your four strong arms can wield two-handed weapons with a shield.
You have a pair of large antennae on your head (SInv).
You are somewhat resistant to further mutation.


Message History

Lugonu accepts your kill.
The elephant is no longer berserk.
The elephant disappears in a puff of smoke!
The death yak is no longer berserk.
The death yak disappears in a puff of smoke!
The wind drake changes into a yak!
You slice the juggernaut!! You burn the juggernaut!
The juggernaut is severely wounded.
You hit the juggernaut but do no damage.
The juggernaut is severely wounded.
You slice the juggernaut!! You burn the juggernaut.
The juggernaut is almost dead.
You slice the hog!! You burn the hog!
You kill the hog!
Lugonu accepts your kill.
You chop the yak into pieces!!! You burn the yak!
You kill the yak!
Lugonu accepts your kill. The juggernaut hits you!!!!
You die...

#############################
.#≈≈≈≈≈≈≈≈≈≈≈#...⌠≈≈≈≈⌠≈≈≈≈≈⌠≈
.'.......)...')...⌠....⌠≈≈≈⌠≈[
.'..⌠⌠...⌠⌠..@C..⌠....⌠..y..⌠.
.#≈.⌠⌠...⌠⌠.≈#≈...⌠.⌠..⌠)..⌠..
#≈...).....≈#≈).⌠....⌠...§.⌠.
#≈≈≈≈≈.≈≈≈≈≈#≈...⌠....⌠.§.⌠..
######'######≈≈≈⌠≈≈≈≈⌠.....⌠.
##≈≈≈≈≈.≈≈≈≈≈#########≈⌠≈≈≈⌠≈≈
≈≈...........≈≈ #######≈≈
⌠....⌠...⌠....⌠ { ##
.............."


You could see a juggernaut.

Vanquished Creatures
  Mara (Snake:4)
  A juggernaut (Depths:1)
  Norris (Vaults:1)
  Saint Roka (Depths:2)
  the Enchantress (Depths:2)
  Rupert (Orc:3)
  3 liches
  A tentacled monstrosity (Vaults:2)
  Asterion (Vaults:1)
  Gastronok (D:8)
  2 thorn hunters (Swamp:4)
  A tengu reaver (Depths:2)
  Frances (Snake:1)
  2 sphinxes
  7 fire giants
  8 greater nagas
  2 deep elf sorcerers
  9 vault wardens
  4 frost giants
  Aizul (Snake:1)
  2 ghouls
  13 ironheart preservers
  3 spriggan defenders
  13 stone giants
  A vampire knight (Depths:1)
  3 very ugly things
  Azrael (Snake:1)
  2 dire elephants (Lair:8)
  4 deep elf annihilators (Vaults:4)
  5 ettins
  A crystal guardian (Vaults:4)
  A deep elf death mage (Vaults:3)
  10 yaktaur captains
  Josephine (Orc:3)
  6 fire dragons
  4 great orbs of eyes
  19 vault guards
  A jiangshi (Vaults:3)
  2 entropy weavers
  3 spriggan air magi (Depths:2)
  Fannar (D:12)
  31 hydras
  Harold (Lair:4)
  16 naga warriors
  4 rakshasas
  2 ice dragons
  4 ghost crabs
  8 centaur warriors
  10 anacondas
  4 catoblepae
  3 tengu warriors
  7 deep troll earth magi
  7 death yaks
  8 deep troll shamans
  8 alligators
  12 ogre magi
  An orc high priest (Orc:4)
  A titan zombie (Vaults:4)
  A spriggan berserker (Depths:2)
  4 shock serpents
  A sun demon (Lair:8)
  18 spriggans
  11 naga sharpshooters
  6 skeletal warriors
  6 sea snakes
  3 unseen horrors
  2 flayed ghosts
  14 swamp dragons
  An unseen horror (shapeshifter) (Vaults:2)
  A giant orange brain (Depths:2)
  6 salamander mystics
  4 shambling mangroves
  3 shadow wraiths (Vaults:4)
  A swamp dragon (shapeshifter) (Depths:2)
  4 wizards
  3 spriggan druids
  2 hill giants
  A deep elf summoner (Vaults:3)
  10 ironbrand convokers
  A necromancer (Vaults:4)
  5 harpies (Vaults:4)
  16 orc knights
  Pikel (D:7)
  20 deep trolls
  12 naga ritualists
  A deep elf conjurer (Vaults:4)
  2 phantasmal warriors
  5 wolf spiders
  A manticore (D:14)
  36 ugly things
  An orc sorcerer (Vaults:2)
  2 wolf spider zombies (D:14)
  13 mana vipers
  A sixfirhy (Lair:8)
  4 cyclopes
  9 griffons
  8 hornets
  A tengu skeleton (Vaults:4)
  A salamander (shapeshifter) (Vaults:4)
  39 black mambas
  6 guardian serpents
  2 guardian serpents (shapeshifter)
  A hornet (shapeshifter) (Vaults:1)
  12 salamanders
  Maurice (D:12)
  A toenail golem (Volcano)
  2 torpor snails
  3 molten gargoyles (Volcano)
  5 elephants
  Psyche (D:10)
  2 gargoyles
  A spiny frog (shapeshifter) (Vaults:1)
  28 naga magi
  A black mamba (shapeshifter) (Depths:2)
  An efreet (D:14)
  10 komodo dragons
  2 orange demons (Lair:8)
  11 vault sentinels
  2 kobold demonologists (D:15)
  29 yaktaurs
  3 fire drakes (Lair:8)
  19 spiny frogs
  A tengu conjurer (Depths:1)
  5 trolls
  4 blue devils (Lair:8)
  4 freezing wraiths
  A guardian mummy (D:14)
  A hellwing (Lair:8)
  2 red devils (Lair:8)
  2 deep elf priests (Vaults:4)
  A polar bear (shapeshifter) (Vaults:1)
  A troll (shapeshifter) (Vaults:2)
  Prince Ribbit (Lair:3)
  5 giant leeches
  A human simulacrum (Vaults:1)
  A hornet zombie (D:14)
  7 boulder beetles
  12 bog bodies
  18 two-headed ogres
  61 slime creatures
  8 blink frogs
  Sigmund (D:3)
  7 wyverns
  4 shadows
  A tarantella (shapeshifter) (Vaults:1)
  6 wraiths
  2 air elementals (Depths:2)
  A human (D:7)
  5 water elementals
  A yak (shapeshifter) (Depths:2)
  A basilisk (shapeshifter) (Depths:1)
  6 basilisks
  Eustachio (D:4)
  A hog (shapeshifter) (Depths:2)
  Grum (D:7)
  2 deep elf magi (Vaults:4)
  7 deep elf fighters
  2 fire elementals
  27 wolves
  45 yaks
  8 wargs
  8 hippogriffs
  54 nagas
  A hog (D:7)
  4 mottled dragons
  31 vampire mosquitoes
  20 swamp worms
  A naga (shapeshifter) (Vaults:2)
  12 insubstantial wisps
  A soldier ant (D:14)
  A wolf (shapeshifter) (D:13)
  18 water moccasins
  9 porcupines
  49 orc warriors
  7 hell hounds
  An eye of draining (D:13)
  A human zombie (Vaults:4)
  17 swamp drakes
  A black bear (shapeshifter) (Depths:1)
  5 centaurs
  37 ogres
  8 boggarts
  16 crocodiles
  An ice beast (D:15)
  A sky beast (D:7)
  2 phantoms
  15 wasps
  A big kobold (shapeshifter) (Vaults:1)
  Blork the orc (D:4)
  A brain worm (Lair:6)
  5 big kobolds
  An earth elemental (Volcano)
  16 giant frogs
  3 electric eels
  A scorpion (D:7)
  4 wights (D:10)
  6 crimson imps
  6 hounds
  A quasit (D:7)
  A giant frog zombie (D:12)
  21 orc priests
  Crazy Yiuf (D:5)
  2 centaur skeletons
  4 giant frog skeletons
  7 centaur zombies
  2 jellies
  6 hell rats (Lair:3)
  Jessica (D:3)
  13 iguanas
  Terence (D:3)
  6 worker ants
  28 orc wizards
  A killer bee zombie (D:9)
  25 sheep
  3 mummies
  A worker ant zombie (D:9)
  67 river rats
  10 adders
  3 shadow imps
  An ooze (D:1)
  2 worms
  7 giant geckos
  190 orcs
  3 giant cockroaches
  10 hobgoblins
  3 quokkas
  A ball python (D:1)
  7 bats
  9 giant newts
  9 goblins
  9 jackals
  24 kobolds
  5 rats
  7 briar patches (Swamp:4)
  A fire vortex (Volcano)
  4 fungi
  7 plants
1830 creatures vanquished.

Vanquished Creatures (others)
  The ghost of George the Carver, a journeyman MiFi of Okawaru (D:11)
  A ghost crab (Swamp:3)
  3 shock serpents
  A slime creature (D:13)
  A spriggan druid (Swamp:4)
  2 cyclopes (D:12)
  A gargoyle (D:12)
  A fire elemental (Snake:1)
  2 hungry ghosts
  A boggart (Depths:2)
  3 wasps (Swamp:4)
  A brain worm (Lair:5)
  2 electric eels (D:9)
  A river rat (Lair:6)
  A jackal (D:9)
  A quokka (D:7)
  A giant newt (D:7)
  9 fungi
  24 plants
57 creatures vanquished.

Grand Total: 1887 creatures vanquished

Notes
Turn   | Place    | Note
--------------------------------------------------------------
     0 | Abyss:1  | dorian the Formicid Abyssal Knight began the quest for the Orb.
     0 | Abyss:1  | Reached XP level 1. HP: 18/18 MP: 2/2
    33 | Abyss:1  | Noticed an anaconda skeleton
    34 | D:1      | Escaped the Abyss
    70 | D:1      | Reached * piety under Lugonu
   385 | D:1      | Reached XP level 2. HP: 24/24 MP: 3/3
   758 | D:1      | Reached XP level 3. HP: 29/29 MP: 4/4
  1444 | D:2      | Reached XP level 4. HP: 32/35 MP: 6/6
  1604 | D:2      | Found a faded altar to an unknown god.
  1662 | D:2      | Reached ** piety under Lugonu
  1802 | D:2      | Found an opulent altar of Gozag.
  1879 | D:3      | Noticed Jessica
  1887 | D:3      | Killed Jessica
  1887 | D:3      | Reached XP level 5. HP: 39/41 MP: 7/7
  2032 | D:3      | Found a shattered altar of Ashenzari.
  2032 | D:3      | Noticed Sigmund
  2048 | D:3      | Killed Sigmund
  2048 | D:3      | Reached skill level 4 in Axes
  2048 | D:3      | Reached XP level 6. HP: 24/47 MP: 7/9
  2397 | D:3      | Noticed Terence
  2419 | D:3      | Killed Terence
  2669 | D:4      | Found a sparkling altar of Nemelex Xobeh.
  2670 | D:4      | Found an opulent altar of Gozag.
  2745 | D:4      | Reached skill level 1 in Shields
  2745 | D:4      | Reached skill level 5 in Invocations
  2745 | D:4      | Reached XP level 7. HP: 35/52 MP: 10/10
  2935 | D:4      | Noticed hadoken's ghost (amateur OpVM)
  3089 | D:4      | Found a stormy altar of Qazlal.
  3089 | D:4      | Found a blossoming altar of Fedhas.
  3393 | D:4      | Noticed Eustachio
  3423 | D:4      | Killed Eustachio
  3580 | D:4      | Noticed Blork the orc
  3598 | D:4      | Killed Blork the orc
  3598 | D:4      | Reached XP level 8. HP: 53/58 MP: 12/12
  3769 | D:5      | Entered Level 5 of the Dungeon
  3832 | D:5      | Reached *** piety under Lugonu
  3951 | D:5      | Reached skill level 1 in Maces & Flails
  3951 | D:5      | Reached skill level 5 in Shields
  3951 | D:5      | Reached skill level 6 in Invocations
  4274 | D:5      | Noticed Crazy Yiuf
  4279 | D:5      | Killed Crazy Yiuf
  4472 | D:5      | Found a snail-covered altar of Cheibriados.
  4578 | D:6      | Found a white marble altar of Elyvilon.
  5390 | D:7      | Reached XP level 9. HP: 57/64 MP: 14/14
  5424 | D:7      | Reached skill level 7 in Shields
  5440 | D:7      | Found an iron altar of Okawaru.
  5505 | D:7      | Found a staircase to the Ecumenical Temple.
  5677 | D:7      | Reached skill level 8 in Shields
  5679 | D:7      | Reached **** piety under Lugonu
  5981 | D:7      | Noticed Pikel
  5997 | D:7      | Killed Pikel
  5997 | D:7      | Reached skill level 9 in Shields
  6307 | D:7      | Found an opulent altar of Gozag.
  6437 | D:8      | Noticed Grum
  6468 | D:7      | Reached XP level 10. HP: 30/70 MP: 16/16
  6541 | D:7      | Killed Grum
  6546 | D:7      | Reached skill level 5 in Maces & Flails
  6596 | D:8      | Reached skill level 10 in Shields
  6656 | D:8      | Found Geakhleo's Gadget Boutique.
  6875 | D:8      | Found a glowing golden altar of the Shining One.
  6880 | D:8      | Found a basalt altar of Yredelemnul.
  6907 | D:8      | Noticed Gastronok
  6922 | D:8      | Killed Gastronok
  6922 | D:8      | Reached skill level 11 in Shields
  7256 | D:8      | Noticed an angel
  7413 | D:9      | Reached XP level 11. HP: 47/75 MP: 18/18
  7610 | D:9      | Reached skill level 10 in Invocations
  7626 | D:9      | Reached skill level 12 in Shields
  7658 | D:9      | Found a sacrificial altar of Ru.
  7816 | D:9      | Found a staircase to the Lair.
  7935 | D:9      | Found a staircase to the Orcish Mines.
  8193 | D:10     | Entered Level 10 of the Dungeon
  8466 | D:10     | Noticed Psyche
  8475 | D:10     | Killed Psyche
  8475 | D:10     | Reached skill level 5 in Axes
  9011 | D:11     | Noticed George's ghost (journeyman MiFi)
  9012 | D:11     | Banished George's ghost
  9286 | D:11     | Reached skill level 5 in Armour
  9875 | D:12     | Noticed a cyclops
  9876 | D:12     | Banished a cyclops
 10065 | D:12     | Noticed Maurice
 10081 | D:12     | Killed Maurice
 10128 | D:12     | Noticed a centaur warrior
 10145 | D:12     | Killed a centaur warrior
 10145 | D:12     | Reached skill level 13 in Shields
 10168 | D:12     | Noticed Fannar
 10234 | D:12     | Killed Fannar
 10273 | D:12     | Noticed a cyclops
 10277 | D:12     | Banished a cyclops
 10367 | D:12     | Reached XP level 12. HP: 81/81 MP: 16/19
 10551 | D:12     | Noticed an unseen horror
 10564 | D:12     | Killed an unseen horror
 10879 | D:13     | Noticed a vault guard
 10879 | D:13     | Noticed a vault guard
 10880 | D:13     | Noticed a vault guard
 10880 | D:13     | Found a gate to the Vaults.
 10880 | D:13     | Noticed a vault guard
 10880 | D:13     | Noticed a vault guard
 10881 | D:13     | Noticed a vault guard
 10894 | D:13     | Noticed a vault guard
 10900 | D:13     | Killed a vault guard
 10909 | D:13     | Noticed a vault guard
 10916 | D:13     | Killed a vault guard
 10932 | D:13     | Killed a vault guard
 10947 | D:13     | Killed a vault guard
 10962 | D:13     | Noticed a centaur warrior
 10965 | D:13     | Killed a vault guard
 10987 | D:12     | Killed a vault guard
 11157 | D:13     | Found Cauxziy's Antique Weapon Shoppe.
 11204 | D:12     | Killed a vault guard
 11362 | D:13     | Reached skill level 14 in Shields
 11364 | D:13     | Killed a centaur warrior
 11364 | D:13     | Reached skill level 10 in Axes
 11416 | D:13     | Noticed a rakshasa
 11465 | D:13     | Killed a rakshasa
 11465 | D:13     | Reached XP level 13. HP: 77/86 MP: 20/20
 11674 | D:13     | Killed a vault guard
 12169 | Orc:1    | Entered Level 1 of the Orcish Mines
 12414 | Orc:1    | Reached ***** piety under Lugonu
 12571 | Orc:1    | Found Nisyck Tutz's Distillery.
 12590 | Orc:1    | Bought a potion of curing for 36 gold pieces
 12590 | Orc:1    | Bought a potion of curing for 36 gold pieces
 12590 | Orc:1    | Bought 2 potions of heal wounds for 120 gold pieces
 12590 | Orc:1    | Bought a potion of heal wounds for 60 gold pieces
 12978 | Orc:2    | Found Woros's Whimsical Warehouse.
 13263 | Orc:3    | Noticed Josephine
 13282 | Orc:3    | Killed Josephine
 13390 | Orc:3    | Identified a scroll of acquirement
 13391 | Orc:3    | Got a dazzling morningstar
 13392 | Orc:3    | Identified the +7 morningstar of Oenomania {crush, rPois rC+ Str+4 Dex+2} (You acquired it on level 3 of the Orcish Mines)
 13521 | Orc:4    | Entered Level 4 of the Orcish Mines
 13718 | Orc:3    | Noticed Rupert
 13737 | Orc:3    | Killed Rupert
 14094 | Orc:4    | Found a staircase to the Elven Halls.
 14118 | Orc:4    | Reached ****** piety under Lugonu
 14475 | Orc:4    | Reached skill level 15 in Shields
 14773 | Orc:4    | Reached skill level 10 in Armour
 14841 | Orc:4    | Found Huwnovvi's Antique Weapon Shoppe.
 14841 | Orc:4    | Found Buall's Jewellery Boutique.
 14892 | Orc:4    | Found a roughly hewn altar of Beogh.
 14902 | Orc:4    | Reached XP level 14. HP: 93/93 MP: 21/21
 15232 | Orc:4    | Found Ikimaejy's Jewellery Shoppe.
 15232 | Orc:4    | Found Neli's Weapon Boutique.
 15305 | Orc:4    | Bought an uncursed amulet of clarity for 220 gold pieces
 15305 | Orc:4    | Bought a +3 ring of slaying for 495 gold pieces
 15718 | Lair:1   | Entered Level 1 of the Lair of Beasts
 17096 | Lair:3   | Noticed Prince Ribbit
 17100 | Lair:3   | Killed Prince Ribbit
 17963 | Lair:4   | Noticed Harold
 17975 | Lair:4   | Killed Harold
 18124 | Lair:4   | Found a staircase to the Snake Pit.
 19137 | Lair:5   | Reached XP level 15. HP: 98/98 MP: 22/22
 19225 | Lair:5   | Reached skill level 15 in Axes
 20295 | Lair:6   | Found a staircase to the Swamp.
 20919 | Lair:7   | Found a dark tunnel.
 20953 | Volcano  | Entered a volcano
 21104 | Volcano  | Found a bloodstained altar of Trog.
 21109 | Volcano  | Reached skill level 16 in Axes
 21353 | Lair:7   | Gained mutation: You are somewhat resistant to further mutation. [potion of beneficial mutation]
 21705 | Lair:7   | Found a staircase to the Slime Pits.
 21706 | Lair:7   | Found a viscous altar of Jiyva.
 21939 | Lair:8   | Entered Level 8 of the Lair of Beasts
 22339 | Lair:8   | Reached skill level 1 in Dodging
 22346 | Lair:8   | Reached XP level 16. HP: 104/104 MP: 23/23
 22911 | Lair:8   | Found a burning altar of Makhleb.
 22966 | Lair:8   | Found a gateway to Hell.
 22977 | Lair:8   | Got a pitted bronze ring
 22992 | Lair:8   | Identified the ring "Oragiam" {rPois Str+2} (You found it on level 8 of the Lair of Beasts)
 23096 | Lair:8   | Reached skill level 17 in Axes
 23472 | Snake:1  | Entered Level 1 of the Snake Pit
 23553 | Snake:1  | Noticed Azrael
 23754 | Snake:1  | Killed Azrael
 23759 | Snake:1  | Noticed Frances
 23775 | Snake:1  | Killed Frances
 23775 | Snake:1  | Reached skill level 5 in Fighting
 23965 | Snake:1  | Found Busuf's General Store.
 23972 | Snake:1  | Bought a +1 pair of boots of running for 584 gold pieces
 24009 | Snake:1  | Noticed Aizul
 24050 | Snake:1  | Killed Aizul
 25621 | Snake:2  | Reached XP level 17. HP: 117/117 MP: 24/24
 25954 | Snake:2  | Reached skill level 5 in Dodging
 26973 | Snake:3  | Reached skill level 18 in Axes
 27032 | Snake:4  | Entered Level 4 of the Snake Pit
 27162 | Snake:3  | Found a shimmering altar of Xom.
 27222 | Snake:3  | Reached skill level 15 in Armour
 28478 | Snake:4  | Reached XP level 18. HP: 90/129 MP: 25/25
 28782 | Snake:4  | Noticed Mara
 28785 | Snake:4  | Noticed dorian's illusion
 28826 | Snake:4  | Noticed dorian's illusion
 28833 | Snake:4  | Killed Mara
 29680 | Snake:4  | Reached skill level 19 in Axes
 30084 | Snake:4  | Got a serpentine rune of Zot
 30447 | Swamp:1  | Entered Level 1 of the Swamp
 30620 | Swamp:1  | Reached XP level 19. HP: 83/138 MP: 26/26
 32223 | Swamp:3  | Reached skill level 10 in Fighting
 32397 | Swamp:4  | Entered Level 4 of the Swamp
 33743 | Swamp:4  | Reached skill level 20 in Axes
 33788 | Swamp:4  | Reached XP level 20. HP: 145/148 MP: 27/27
 34080 | Swamp:4  | Got a decaying rune of Zot
 34594 | Vaults:1 | Entered Level 1 of the Vaults
 34804 | Vaults:1 | Noticed Asterion
 34814 | Vaults:1 | Killed Asterion
 34823 | Vaults:1 | Got a pair of transparent boots
 34994 | Vaults:1 | Noticed Norris
 35027 | Vaults:1 | Killed Norris
 36267 | Vaults:1 | Identified the +0 pair of boots of Disappointment {SInv} (You acquired it on level 1 of the Vaults)
 36539 | Vaults:1 | Reached XP level 21. HP: 156/156 MP: 28/28
 36608 | Vaults:2 | Found Pacri's Weapon Shoppe.
 37199 | Vaults:2 | Reached skill level 10 in Dodging
 37315 | Vaults:2 | Reached skill level 21 in Axes
 37391 | Vaults:2 | Got a transparent platinum ring
 37405 | Vaults:2 | Identified the ring "Waekeon" {rPois MR+ Str+4 Dex-4 SInv} (You found it on level 2 of the Vaults)
 39359 | Vaults:3 | Got an iridescent war axe
 39360 | Vaults:3 | Identified the +6 war axe "Epucab" {drain, Str+4 Stlth+} (You found it on level 3 of the Vaults)
 39371 | Vaults:3 | Found a staircase to the Crypt.
 39599 | Vaults:3 | Reached XP level 22. HP: 102/167 MP: 29/29
 40248 | Vaults:5 | Entered Level 5 of the Vaults
 41308 | Vaults:4 | HP: 2/170 [deep elf annihilator/bolt of lightning (45)]
 42273 | D:14     | Noticed a ghoul
 42280 | D:14     | Killed a ghoul
 43236 | D:15     | Entered Level 15 of the Dungeon
 43247 | D:15     | Found a deep blue altar of Sif Muna.
 43365 | D:15     | Found Dixtuzu's Food Shoppe.
 43473 | D:15     | Found a staircase to the Depths.
 43813 | Depths:1 | Entered Level 1 of the Depths
 44024 | Depths:1 | Found a radiant altar of Vehumet.
 44049 | Depths:1 | Reached XP level 23. HP: 169/178 MP: 30/30
 45506 | Depths:2 | Noticed the Enchantress
 45553 | Depths:2 | Killed the Enchantress
 45553 | Depths:2 | Reached skill level 22 in Armour
 46217 | Depths:2 | Got a faerie dragon armour
 46632 | Depths:2 | Noticed Saint Roka
 47110 | Depths:2 | Noticed a juggernaut
 47144 | Depths:1 | Killed a juggernaut
 47391 | Depths:2 | Found a one-way gate to the infinite horrors of the Abyss.
 47989 | Depths:2 | Killed Saint Roka
 48341 | Depths:2 | Reached skill level 15 in Fighting
 48815 | Depths:2 | Reached XP level 24. HP: 188/188 MP: 31/31
 48958 | Depths:2 | Noticed a juggernaut
 48977 | Depths:2 | Annihilated by a juggernaut

Action                   |  1- 3 |  4- 6 |  7- 9 | 10-12 | 13-15 | 16-18 | 19-21 | 22-24 || total
-------------------------+-------+-------+-------+-------+-------+-------+-------+-------++-------
Melee: Hand axe          |    92 |   129 |   145 |       |       |       |       |       ||   366
       Dire flail        |       |       |   254 |   235 |       |       |       |       ||   489
       Battleaxe         |       |       |       |   360 |   834 |  1209 |  1535 |  1170 ||  5108
       Morningstar       |       |       |       |       |   730 |       |       |       ||   730
Invok: Depart the Abyss  |     1 |       |       |       |       |       |       |       ||     1
       Banish            |       |       |       |    10 |     3 |     5 |     7 |     4 ||    29
 Abil: Dig               |       |       |     3 |     1 |    15 |    30 |     1 |     9 ||    59
  Use: Potion            |       |     3 |     1 |     2 |     2 |     3 |     4 |     8 ||    23
       Scroll            |       |       |    16 |     8 |    18 |     6 |     8 |     5 ||    61
 Stab: Sleeping          |     2 |       |       |       |       |       |       |       ||     2
       Invisible         |       |       |       |     1 |       |       |       |       ||     1
       Paralysed         |       |       |       |     1 |       |       |       |       ||     1
       Petrifying        |       |       |       |       |     1 |       |       |       ||     1
       Distracted        |       |       |       |       |       |       |       |     1 ||     1
  Eat: Chunk             |     2 |     5 |    11 |    18 |    44 |     6 |    17 |    18 ||   121
       Beef jerky        |       |       |     2 |     1 |       |     2 |       |     1 ||     6
       Fruit             |       |       |     2 |       |     2 |     3 |     1 |     3 ||    11
       Pizza             |       |       |       |     3 |       |     7 |       |     1 ||    11
       Bread ration      |       |       |       |       |     1 |     4 |     1 |       ||     6
       Meat ration       |       |       |       |       |       |     1 |     2 |     2 ||     5
       Royal jelly       |       |       |       |       |       |       |     2 |       ||     2
